[Event "*** SCC Grand Prix: Titled Tuesday Blitz"]
[Site "Chess.com"]
[Date "2020.08.11"]
[Round "2"]
[White "pastouche06"]
[Black "MarcoRiehle"]
[Result "0-1"]
[WhiteElo "2494"]
[BlackElo "2741"]
[TimeControl "180+1"]
[EndTime "10:18:55 PDT"]
[Termination "MarcoRiehle won on time"]

1. Nf3 Nf6 2. c4 c5 3. b3 d5 4. cxd5 Nxd5 5. Bb2 Nc6 6. g3 f6 7. Bg2 e5 8. O-O Be7 9. d3 O-O 10. Nbd2 Be6 11. a3 Qd7 12. Rc1 Rac8 13. Rc2 Nd4 14. Nxd4 cxd4 15. Ne4 Nc3 16. Rxc3 dxc3 17. Nxc3 Rc7 18. b4 Rfc8 19. Ne4 b6 20. f4 exf4 21. gxf4 Rc2 22. Ba1 Ra2 23. Bf3 Rxa3 24. Kh1 Qa4 25. Qe1 Rf8 26. Bd4 Qxb4 27. Qf2 Ra2 28. Rg1 Kh8 29.
Ng3 Bc5 30. Bxc5 Qxc5 31. d4 Qb5 32. Nh5 Bd5 33. Nxg7 Bxf3+ 34. Qxf3 Qxe2 35. Qg3 Qe4+ 36. Rg2 Qxg2+ 37. Qxg2 Rxg2 0-1

[Event "*** SCC Grand Prix: Titled Tuesday Blitz"]
[Site "Chess.com"]
[Date "2020.08.11"]
[Round "2"]
[White "ahachess"]
[Black "Maksimus1998"]
[Result "0-1"]
[WhiteElo "2270"]
[BlackElo "2517"]
[TimeControl "180+1"]
[EndTime "10:18:55 PDT"]
[Termination "Maksimus1998 won by resignation"]

1. d4 d6 2. c4 g6 3. Nc3 Bg7 4. e4 Nf6 5. Be2 O-O 6. Bg5 a6 7. Qd2 c6 8. h4 b5 9. a3 Nbd7 10. h5 bxc4 11. h6 Bh8 12. Bxc4 d5 13. exd5 Nb6 14.
Bd3 Nbxd5 15. Nf3 Rb8 16. Rc1 Be6 17. O-O a5 18. Rfe1 Nxc3 19. Rxc3 Bd5 20. Ne5 Rb6 21.
Qc2 Nd7 22. Bxg6 fxg6 23. Nxg6 Nf6 24. Rxe7 Bf7 25. Rxf7 Rxf7 26. Nxh8 Kxh8 27. Rxc6 Rxc6 28. Qxc6 Kg8 29. Qe6 Qd7 30. Qxd7 Nxd7 31. Be3 Nb6 32. b4 axb4 33. axb4 Nd5 34. b5 Nxe3 35. fxe3 Rb7 36. Kf2 Rxb5 37. Kf3 Kf7 38. e4 Rh5 39. g4 Rxh6 40. Kf4 Ra6 41. e5 Ke6 42. Ke4 Ra4 43.
g5 Rb4 44. Ke3 Kd5 45. Kf4 Rxd4+ 46. Kf5 Re4 0-1

[Event "*** SCC Grand Prix: Titled Tuesday Blitz"]
[Site "Chess.com"]
[Date "2020.08.11"]
[Round "2"]
[White "Revnov"]
[Black "ChessicallyInclined"]
[Result "1-0"]
[WhiteElo "2756"]
[BlackElo "2501"]
[TimeControl "180+1"]
[EndTime "10:18:56 PDT"]
[Termination "Revnov won by resignation"]

1. e4 c5 2. Nf3 Nc6 3. Bb5 g6 4. c3 Bg7 5. O-O e5 6. a3 Nge7 7. b4 d6 8. Bb2 a6 9. Be2 O-O 10.
d3 h6 11. Nbd2 Be6 12. Re1 Qc7 13. Rc1 Rad8 14. d4 exd4 15. cxd4 cxd4 16. Bxd4 Bxd4 17. Nxd4 Qb6 18. Nxe6 fxe6 19. Rf1 Ne5 20. Nc4 Nxc4 21.
Bxc4 d5 22. exd5 exd5 23. Ba2 Kg7 24. Qd2 Rf6 25. Kh1 Rdf8 26. f3 d4 27. Rc5 Nc6 28.
Bd5 Rd8 29. Be4 Ne7 30. Qd3 Rd7 31. Rfc1 Qd6 32. g3 h5 33. f4 b6 34. Re5 b5 35.
Rcc5 h4 36. Kg2 hxg3 37. hxg3 Rd8 38. Rg5 Kf7 39. Qb3+ Qe6 40. Qd3 Qa2+ 41. Rc2 Qe6 42. Re2 Qd6 43. Re5 Kf8 44. Qf3 Rc8 45. Rd2 Rc3 46.
Qf2 Nc6 47. Rd5 Qe6 48. Bf3 Re3 49. Rc5 Ne7 50. Rxd4 Nf5 51. Rd8+ Kg7 52. Rc7+ Rf7 53. Rxf7+ Qxf7 54. g4 Rxf3 55. Qb2+ 1-0

[Event "*** SCC Grand Prix: Titled Tuesday Blitz"]
[Site "Chess.com"]
[Date "2020.08.11"]
[Round "2"]
[White "SzMM19"]
[Black "attack2mateU"]
[Result "0-1"]
[WhiteElo "2482"]
[BlackElo "2721"]
[TimeControl "180+1"]
[EndTime "10:18:56 PDT"]
[Termination "attack2mateU won on time"]

1. e4 c5 2. c4 Nc6 3. Nc3 g6 4. g3 Bg7 5. Bg2 h5 6. h3 d6 7. Nge2 h4 8. g4 Nd4 9. d3 e6 10. Nxd4 cxd4 11. Ne2 g5 12. f4 gxf4 13. Bxf4 Ne7 14.
O-O Ng6 15. Bd2 Be5 16. Rb1 Bd7 17. Kh1 b5 18. b3 a5 19. Ng1 Qb6 20. Nf3 Bf4 21.
Bxf4 Nxf4 22. Ne1 e5 23. Rxf4 exf4 24. Qf3 Qc5 25. Qxf4 Qe5 26. Qf2 Rb8 27. Nf3 Qc5 28. Rf1 bxc4 29. bxc4 Bxg4 30. Nxd4 Be6 31. Qf6 Qe5 32.
Nxe6 Qxf6 33. Nc7+ Kd8 34. Rxf6 Rb1+ 35. Kh2 Kxc7 36.
Rxf7+ Kb6 37. Rf6 Kc5 38. Rf5+ Kd4 39. Rd5+ Ke3 40. Rxd6 Rg8 41. e5 Rb2 42. e6 Rbxg2+ 0-1

[Event "*** SCC Grand Prix: Titled Tuesday Blitz"]
[Site "Chess.com"]
[Date "2020.08.11"]
[Round "2"]
[White "LiemLe"]
[Black "MarceloPlaya"]
[Result "1-0"]
[WhiteElo "2956"]
[BlackElo "2333"]
[TimeControl "180+1"]
[EndTime "10:18:56 PDT"]
[Termination "LiemLe won on time"]

1. d4 e6 2. Nf3 Nf6 3. c4 Bb4+ 4. Bd2 Bxd2+ 5. Qxd2 O-O 6. Nc3 d5 7. e3 Qe7 8. Rd1 Rd8 9. Bd3 dxc4 10. Bxc4 c5 11. e4 Nc6 12. e5 cxd4 13. Nb5 Ne4 14. Qc2 Qb4+ 15. Ke2 a6 16. Nbxd4 Nxd4+ 17. Nxd4 Bd7 18. a3 Qc5 19. Qxe4 Qxc4+ 20. Ke3 Qa4 21. Rd3 Rac8 22. Rhd1 Rc5 23. Nf3 Qxe4+ 24. Kxe4 Bc6+ 25. Ke3 Rxd3+ 26.
Rxd3 Rd5 27. Rxd5 Bxd5 28. Kd4 Kf8 29. Kc5 Ke8 30. Ne1 Kd7 31. Kb6 f6 32. exf6 gxf6 33. f3 Bc6 34. Kc5 e5 35. Nc2 Ke6 36. Ne3 f5 37.
Nc4 e4 38. f4 1-0

[Event "*** SCC Grand Prix: Titled Tuesday Blitz"]
[Site "Chess.com"]
[Date "2020.08.11"]
[Round "2"]
[White "TurboSteen"]
[Black "ExtremeLearner"]
[Result "1-0"]
[WhiteElo "2004"]
[BlackElo "2342"]
[TimeControl "180+1"]
[EndTime "10:18:56 PDT"]
[Termination "TurboSteen won by checkmate"]

1. e4 c6 2. c4 d5 3. cxd5 cxd5 4.
exd5 Nf6 5. Nc3 g6 6. Bc4 Bg7 7. Nge2 O-O 8. d3 Nbd7 9. O-O Nb6 10. Qb3 Nfd7 11. Bf4 Nc5 12. Qa3 Ncd7 13. Qb3 h6 14. h3 Kh7 15. d6 e5 16. Bh2 Nc5 17. Qa3 Ne6 18. f4 exf4 19. Nxf4 Nxf4 20. Bxf4 Nxc4 21. dxc4 Be6 22. c5 Bd4+ 23. Kh2 Rc8 24. Ne4 f5 25. Rad1 fxe4 26. Rxd4 g5 27. Rxe4 Qd7 28. Qd3 Kg8 29.
Be5 Rxf1 30. Qxf1 Rf8 31. Qd3 Bf5 32. Qd5+ Be6 33. Qd4 Bxa2 34. Bg3 Be6 35. Qe5 Re8 36. Qf6 Kh7 37. b4 a5 38. b5 a4 39. c6 bxc6 40. bxc6 Qxc6 41. Rxe6 a3 42. Qf7+ Kh8 43. Be5# 1-0

[Event "*** SCC Grand Prix: Titled Tuesday Blitz"]
[Site "Chess.com"]
[Date "2020.08.11"]
[Round "2"]
[White "TimofeevAr"]
[Black "Borsuk_Konstantin"]
[Result "1-0"]
[WhiteElo "2855"]
[BlackElo "2564"]
[TimeControl "180+1"]
[EndTime "10:18:57 PDT"]
[Termination "TimofeevAr won on time"]

1. e4 e6 2. d4 d5 3. Nd2 Nf6 4. e5 Nfd7 5. Bd3 c5 6. c3 Nc6 7.
Ne2 b6 8. a3 cxd4 9. cxd4 a5 10. O-O Ba6 11. Bxa6 Rxa6 12. f4 f5 13. exf6 Nxf6 14.
f5 e5 15. Nf3 e4 16. Ne5 b5 17. Bg5 Bd6 18. Nf4 Nxe5 19. dxe5 Bxe5 20. Ne6 Rxe6 21. fxe6 Qb6+ 22. Kh1 Qxe6 23. Bxf6 gxf6 24. Qh5+ Ke7 25. Rac1 Qf7 26. Qxe5+ fxe5 27. Rc7+ Kd6 28. Rfxf7 e3 29.
Kg1 d4 30. Rcd7+ Ke6 31. Kf1 Rc8 32. Rc7 Rb8 33. Ke2 b4 34. a4 Kd5 35. Rxh7 Rf8 36.
Rhf7 Rg8 37. g3 Ke4 38. Rc4 Rd8 39. b3 Rh8 40. h4 Rg8 41. Rf3 Rg7 42. Rxe3+ 1-0

[Event "*** SCC Grand Prix: Titled Tuesday Blitz"]
[Site "Chess.com"]
[Date "2020.08.11"]
[Round "2"]
[White "Man-Chuk"]
[Black "AleksanderHnydiuk"]
[Result "1-0"]
[WhiteElo "2834"]
[BlackElo "2555"]
[TimeControl "180+1"]
[EndTime "10:18:58 PDT"]
[Termination "Man-Chuk won by resignation"]

1. d4 Nf6 2. c4 e6 3. Nf3 d5 4.
Nc3 c5 5. cxd5 Nxd5 6. e4 Nxc3 7. bxc3 cxd4 8. cxd4 Bb4+ 9. Bd2 Bxd2+ 10. Qxd2 O-O 11. Bc4 Nd7 12. O-O b6 13. Rad1 Bb7 14. Rfe1 Rc8 15. Bb3 h6 16. h3 Re8 17. Qf4 Qf6 18. Qg3 Nf8 19. d5 exd5 20. exd5 Rxe1+ 21. Rxe1 Rd8 22. Qc7 Rd7 23. Qb8 Qd8 24. Qxd8 Rxd8 25. Ne5 Rd6 26. Rc1 Nd7 27. Nc4 Rxd5 28. Ne3 Rc5 29. Rd1 Bc6 30.
g4 Kf8 31. Nf5 g6 32. Nxh6 Kg7 33. Nxf7 a5 34. Nd8 Bb5 35. Ne6+ Kf6 36. Nxc5 Nxc5 37. Rd6+ Kg5 38. Rxb6 1-0

[Event "*** SCC Grand Prix: Titled Tuesday Blitz"]
[Site "Chess.com"]
[Date "2020.08.11"]
[Round "2"]
[White "Danfii"]
[Black "FMOlexandrProhorov"]
[Result "0-1"]
[WhiteElo "2366"]
[BlackElo "2118"]
[TimeControl "180+1"]
[EndTime "10:18:58 PDT"]
[Termination "FMOlexandrProhorov won by resignation"]

1. e4 c5 2. Nf3 e6 3. d4 cxd4 4. Nxd4 a6 5. Bd3 Ne7 6. O-O Nbc6 7. Nxc6 Nxc6 8. Nd2 d5 9. Re1 Be7 10. exd5 Qxd5 11.
Be4 Qd8 12. c3 O-O 13. Qf3 Qc7 14. Nb3 Bd7 15. Bf4 e5 16. Bxc6 Bxc6 17. Bxe5 Bd6 18.
Bxd6 Qxd6 19. Qg3 Qf6 20. Nd4 Bd5 21. Qe5 Qxe5 22. Rxe5 Rad8 23. a3 f6 24. Re3 Kf7 25. Rae1 Rd7 26. Nf5 Rfd8 27. h4 g6 28. Nd4 h5 29. f3 Rc8 30. Kf2 Rcd8 31. g4 hxg4 32. fxg4 Rh8 33. Kg3 b5 34. Rf1 Kg7 35. Re2 Bc4 36.
Ref2 Bxf1 37. Rxf1 Re8 38. Rf2 Re3+ 39. Kf4 Rde7 0-1

[Event "*** SCC Grand Prix: Titled Tuesday Blitz"]
[Site "Chess.com"]
[Date "2020.08.11"]
[Round "2"]
[White "IngOscarArdila"]
[Black "Nikolaj_6"]
[Result "1-0"]
[WhiteElo "2205"]
[BlackElo "2613"]
[TimeControl "180+1"]
[EndTime "10:18:59 PDT"]
[Termination "IngOscarArdila won by resignation"]

1. d4 Nf6 2. c4 e6 3. Nc3 Bb4 4. Bd2 b6 5. e3 O-O 6. Bd3 Bb7 7. f3 d5 8. cxd5 exd5 9. Nge2 c5 10. O-O Re8 11. a3 Bxc3 12. bxc3 Nc6 13. Re1 cxd4 14. exd4 h6 15. Qc2 Rc8 16. Bf5 Rc7 17. Bf4 Rce7 18.
Bg3 Ba6 19. Nf4 Rxe1+ 20. Rxe1 Rxe1+ 21. Bxe1 Qe7 22. Bg3 Qe3+ 23. Kh1 g5 24. Nh3 Ne7 25.
Be5 Qe1+ 26. Ng1 Nh5 27. Bh7+ Kf8 28. Bd3 Bxd3 29. Qxd3 Ng6 30. Bd6+ Kg7 31. Qf5 Qe6 32. Qxe6 fxe6 33. Bb8 a6 34. Bc7 b5 35. g3 Nf6 36.
Kg2 Ne8 37. Bb8 Ne7 38. Be5+ Kf7 39. Ne2 Nc6 40. f4 g4 41. h3 h5 42. hxg4 hxg4 43. Nc1 Kg6 44. Nd3 Kf5 45. Nc5 a5 46. a4 b4 47. cxb4 axb4 48. Kf2 Nxe5 49. fxe5 Nc7 50. Ke3 b3 51. Nxb3 Na6 52. Nc5 Nb4 53. a5 1-0

[Event "*** SCC Grand Prix: Titled Tuesday Blitz"]
[Site "Chess.com"]
[Date "2020.08.11"]
[Round "2"]
[White "ChessAurochs"]
[Black "kobemagic"]
[Result "1-0"]
[WhiteElo "2547"]
[BlackElo "2274"]
[TimeControl "180+1"]
[EndTime "10:18:59 PDT"]
[Termination "ChessAurochs won on time"]

1. e4 g6 2. d4 Bg7 3. c3 c6 4.
Nf3 d5 5. e5 Bg4 6. Nbd2 Nh6 7.
h3 Bxf3 8. Nxf3 e6 9. Bd3 Nd7 10.
O-O c5 11. a4 O-O 12. a5 cxd4 13. cxd4 f6 14. exf6 Nxf6 15. Re1 Qd6 16. a6 b6 17.
b3 Rfe8 18. Ba3 Qf4 19. g3 Qc7 20. Rc1 Qd8 21. Ne5 Ne4 22. Bb5 Nf5 23. Bxe8 Qxe8 24. Qd3 h5 25. Rc7 Qd8 26. Rec1 Qg5 27. Nf3 Qf6 28.
Bb2 Rf8 29. Rc8 Nfd6 30. Rxf8+ Bxf8 31. Ba3 Qf5 32. Bxd6 Bxd6 33. Kg2 Kg7 34. Rc8 Qf7 35. Qc2 Qd7 36. Qc6 Qf7 37. Qb7 Kf6 38. Qxf7+ Kxf7 39. Ra8 1-0

[Event "*** SCC Grand Prix: Titled Tuesday Blitz"]
[Site "Chess.com"]
[Date "2020.08.11"]
[Round "2"]
[White "lider34"]
[Black "Zarinur"]
[Result "0-1"]
[WhiteElo "2385"]
[BlackElo "2169"]
[TimeControl "180+1"]
[EndTime "10:18:59 PDT"]
[Termination "Zarinur won by checkmate"]

1. e4 e5 2. Nc3 Nf6 3. g3 d5 4. exd5 Nxd5 5. Bg2 Nxc3 6. bxc3 Nc6 7. Ne2 Bc5 8. O-O O-O 9. d3 Be6 10. Be3 Bb6 11.
Qd2 Qd7 12. Rfe1 Rad8 13. a4 Bh3 14. c4 Ba5 15. Nc3 Nd4 16. Bh1 Bg4 17. f4 Bf3 18. Rf1 Bxh1 19. Kxh1 Qc6+ 20. Qg2 Qxg2+ 21. Kxg2 Bxc3 22.
Ra3 Bb4 23. Ra2 exf4 24. Rxf4 Ne2 25. Rf2 Nc3 26. Ra1 a5 27. Bd2 Rfe8 28. h4 Re2 29. Rxe2 Nxe2 30. Bxb4 axb4 31. Rb1 c5 32. a5 Nd4 33.
Rb2 Ra8 34. Ra2 b6 35. Kf2 Rxa5 36. Rb2 Ra1 37. c3 bxc3 38. Rxb6 g6 39. Rb8+ Kg7 40.
Rc8 c2 41. Rxc5 c1=Q 42. Kg2 Qf1+ 43. Kh2 Qh1# 0-1

[Event "*** SCC Grand Prix: Titled Tuesday Blitz"]
[Site "Chess.com"]
[Date "2020.08.11"]
[Round "2"]
[White "Kotofeyca"]
[Black "Sammed_Shete"]
[Result "0-1"]
[WhiteElo "2287"]
[BlackElo "2646"]
[TimeControl "180+1"]
[EndTime "10:19:02 PDT"]
[Termination "Sammed_Shete won by checkmate"]

1. d4 Nf6 2. c4 e6 3. Nf3 d5 4. Nc3 Be7 5. cxd5 exd5 6. Bg5 O-O 7. e3 c6 8. Qc2 Re8 9. Bd3 Nbd7 10. O-O Nf8 11.
Rab1 Ne4 12. Bxe4 dxe4 13. Nxe4 Bf5 14. Bf4 Bd6 15. Ne5 Bxe4 16. Qxe4 f6 17. Rfd1 Qe7 18. f3 fxe5 19. dxe5 Bc5 20. b4 Bb6 21. Bg3 Rad8 22. f4 Rxd1+ 23. Rxd1 Rd8 24. Rf1 Qe6 25.
f5 Qd5 26. Qf4 Qd3 27. Bf2 Bc7 28. f6 Ng6 29. Qg5 Bxe5 30. f7+ Kf8 31. h4 Bf6 32.
Qg4 Ne5 33. Qf4 Qc4 34. e4 Qxf7 35. Bc5+ Kg8 36. h5 Qxh5 37. Rf3 Nxf3+ 38. gxf3 Rd1+ 39. Kf2 Qe5 40. Qe3 Bh4+ 41. Kg2 Qg3# 0-1

[Event "*** SCC Grand Prix: Titled Tuesday Blitz"]
[Site "Chess.com"]
[Date "2020.08.11"]
[Round "2"]
[White "catzapto"]
[Black "Ranindu2003"]
[Result "0-1"]
[WhiteElo "1971"]
[BlackElo "2614"]
[TimeControl "180+1"]
[EndTime "10:19:02 PDT"]
[Termination "Ranindu2003 won by resignation"]

1. e4 g6 2. Nf3 Bg7 3. Bc4 d6 4. c3 a6 5. a4 e6 6. O-O Ne7 7.
d4 b6 8. Bg5 Bb7 9. Re1 h6 10.
Be3 Nd7 11. Nbd2 Nf6 12. Bd3 Ng4 13. Qc2 e5 14. d5 O-O 15. h3 Nxe3 16. fxe3 f5 17.
c4 a5 18. Nh4 Qd7 19. exf5 gxf5 20. Rf1 e4 21. Be2 Bf6 22. g3 Bg5 23. Qc3 c6 24.
dxc6 Nxc6 25. Nxf5 Rxf5 26. Bg4 Rxf1+ 27. Rxf1 Qe7 28.
h4 Ne5 29. Bf5 Bxh4 30. gxh4 Qxh4 31. Rf2 Kh8 32. Rf4 Rg8+ 33. Kf1 Qh1+ 34. Ke2 Rg2+ 35.
Rf2 Qh5+ 36. Ke1 Rxf2 37. Kxf2 Qxf5+ 38. Ke2 Qg4+ 39. Ke1 Kh7 40. c5 Nd3+ 41. Kf1 Qg3 42. Nxe4 Bxe4 43. Qf6 Qf3+ 44. Qxf3 Bxf3 45. cxd6 Ne5 46.
Kf2 Bc6 47. Kg3 Bxa4 48. Kf4 Nd7 49. Kf5 h5 50. e4 h4 51. e5 Nxe5 52. Kxe5 h3 53.
Ke6 h2 54. d7 Bxd7+ 55. Kxd7 h1=Q 56. Kc7 Qc1+ 57. Kxb6 Qxb2+ 58. Kxa5 Kg6 59. Ka4 Kf5 0-1

[Event "*** SCC Grand Prix: Titled Tuesday Blitz"]
[Site "Chess.com"]
[Date "2020.08.11"]
[Round "2"]
[White "RusPakhom"]
[Black "Djager97"]
[Result "1-0"]
[WhiteElo "2296"]
[BlackElo "2590"]
[TimeControl "180+1"]
[EndTime "10:19:03 PDT"]
[Termination "RusPakhom won by resignation"]

1. e4 e5 2. Nf3 Nc6 3. Bb5 a6 4. Bxc6 dxc6 5. Nc3 Bd6 6. d4 exd4 7. Qxd4 f6 8. Be3 Be6 9. O-O-O Ne7 10. Qd2 Ng6 11.
Nd4 Qe7 12. f4 Bd7 13. Nf5 Bxf5 14. exf5 Nf8 15. g4 O-O-O 16. Qf2 Nd7 17. Rhe1 Qf7 18. Kb1 Bb4 19. Bd2 Rhe8 20. Ne4 Bxd2 21. Rxd2 Nb6 22.
Rxd8+ Rxd8 23. Nc5 Qd5 24. b3 Kb8 25. Ne6 Rd7 26. Qe2 Nc8 27. Qe4 Qd2 28. Qe2 Qd5 29. Qe4 Qd2 30. Qe2 Qd6 31. g5 Ne7 32. Nf8 Nxf5 33.
Nxd7+ Qxd7 34. Qe8+ Qxe8 35. Rxe8+ Ka7 36. gxf6 gxf6 37. Rf8 Nd6 38. Rxf6 Ne4 39. Rh6 1-0

[Event "*** SCC Grand Prix: Titled Tuesday Blitz"]
[Site "Chess.com"]
[Date "2020.08.11"]
[Round "2"]
[White "Ural_bogatyr"]
[Black "JRenatoMaranhao"]
[Result "1-0"]
[WhiteElo "2370"]
[BlackElo "2047"]
[TimeControl "180+1"]
[EndTime "10:19:03 PDT"]
[Termination "Ural_bogatyr won on time"]

1. e4 c5 2. Nf3 Nc6 3. d4 cxd4 4.
Nxd4 e6 5. Nb5 d6 6. c4 Nf6 7. N1c3 a6 8. Nd4 Be7 9. Be2 O-O 10. Be3 Bd7 11. O-O Rc8 12. Rc1 e5 13. Nf5 Bxf5 14. exf5 Qa5 15. g4 h6 16. Qd2 Nd4 17. Bxd4 exd4 18.
Qxd4 Qe5 19. Qxe5 dxe5 20. b3 Rfd8 21. Rfd1 Bb4 22. h3 Bxc3 23. Rxc3 Rd4 24. Rxd4 exd4 25. Rd3 Rd8 26. Bf3 b6 27. b4 Kf8 28. c5 bxc5 29.
bxc5 Ke7 30. c6 Ne8 31. Kf1 Nc7 32. Ke2 Rd6 33. Kd2 Kd8 34. Rb3 Nb5 35. a4 Na7 36. Rb8+ Ke7 37. Rb7+ Kf6 38. Rxa7 h5 39. c7 1-0

[Event "*** SCC Grand Prix: Titled Tuesday Blitz"]
[Site "Chess.com"]
[Date "2020.08.11"]
[Round "2"]
[White "Alex_Belezky"]
[Black "Sanan_Sjugirov"]
[Result "0-1"]
[WhiteElo "2526"]
[BlackElo "2824"]
[TimeControl "180+1"]
[EndTime "10:19:05 PDT"]
[Termination "Sanan_Sjugirov won by checkmate"]

1. Nf3 c5 2. g3 Nc6 3. Bg2 g6 4. d3 Bg7 5. O-O d6 6. c3 e5 7. a3 Nge7 8. b4 O-O 9. Be3 Nf5 10. Bd2 Rb8 11. e4 Nfe7 12. b5 Na5 13. c4 a6 14. Qa4 b6 15. bxa6 Bd7 16. Qc2 Ra8 17.
Bxa5 bxa5 18. Nc3 Rxa6 19. Rfb1 Nc6 20. Rb2 Rb6 21. Rab1 Rxb2 22. Rxb2 Bg4 23. Nd2 Nd4 24. Qb1 Bh6 25. h3 Bxh3 26. Nf1 Be6 27. Rb6 Bg5 28.
Ne3 h5 29. Ned5 h4 30. gxh4 Bxh4 31. Qd1 Qg5 32. Rxd6 Bg4 33. Qf1 Nf3+ 34. Bxf3 Bxf3+ 35. Kh2 Kg7 36. Rf6 Rh8 37. Rxf3 Bg3+ 38. Kg1 Bh2+ 39. Kh1 Bg3+ 40. Kg1 Bxf2+ 41. Kxf2 Rh2+ 42. Ke1 Qd2# 0-1

[Event "*** SCC Grand Prix: Titled Tuesday Blitz"]
[Site "Chess.com"]
[Date "2020.08.11"]
[Round "2"]
[White "Nafania1"]
[Black "RobertoJBM"]
[Result "0-1"]
[WhiteElo "2472"]
[BlackElo "2711"]
[TimeControl "180+1"]
[EndTime "10:19:05 PDT"]
[Termination "RobertoJBM won by resignation"]

1. e4 c6 2. d4 d5 3. exd5 cxd5 4. Bd3 Nc6 5. c3 g6 6. h3 Bg7 7. Nf3 Nf6 8. O-O O-O 9. Bf4 Bf5 10. Be2 Ne4 11.
Nbd2 Rc8 12. Nxe4 Bxe4 13. Nd2 Bf5 14. Re1 Re8 15. a3 a6 16. Bf3 Na5 17. Rc1 b5 18. Qe2 Nc4 19. Nb3 e5 20. dxe5 Bxe5 21. Bxe5 Rxe5 22.
Qf1 Rxe1 23. Qxe1 Nxb2 24. Qd2 Nc4 25. Qd4 Be6 26. Nc5 Nxa3 27. Nxa6 Qg5 28. Rd1 Bxh3 29.
Bxd5 Rd8 30. Nc7 Nc4 31. Rd3 Bd7 32. Bxc4 bxc4 33. Qxc4 Bf5 34. Rxd8+ Qxd8 35. Nd5 Be6 36. Qd4 Qxd5 37. Qe3 Qc4 38. f3 h5 39. Qe5 Kf8 40.
Qf6 Ke8 41. Qe5 Kd7 42. Kh1 Kc6 43. Qa5 Kd6 44. Kh2 h4 45. Qa3+ Ke5 46. Qc1 Qf4+ 47. Qxf4+ Kxf4 0-1

[Event "*** SCC Grand Prix: Titled Tuesday Blitz"]
[Site "Chess.com"]
[Date "2020.08.11"]
[Round "2"]
[White "Novoselski"]
[Black "FMalexhdez"]
[Result "0-1"]
[WhiteElo "2393"]
[BlackElo "2194"]
[TimeControl "180+1"]
[EndTime "10:19:05 PDT"]
[Termination "FMalexhdez won by checkmate"]

1. e4 c5 2. Nf3 d6 3. Bb5+ Bd7 4.
a4 Nc6 5. c3 g6 6. O-O Nf6 7.
Re1 Bg7 8. d4 cxd4 9. cxd4 d5 10.
e5 Ne4 11. Nbd2 Nxd2 12. Bxd2 O-O 13. h3 a6 14. Bd3 Na5 15. b3 b5 16. Bxa5 Qxa5 17.
axb5 Qb6 18. bxa6 Rfb8 19. Ra3 e6 20. Bc2 Bf8 21. Ra1 Bb4 22. Re3 Rxa6 23. Rxa6 Qxa6 24. h4 Rc8 25. h5 Qa2 26. Re2 Qa3 27. hxg6 hxg6 28. Ng5 Bb5 29. Re3 Qb2 30. Qf3 Be8 31. Bd3 Rc1+ 32. Kh2 Bd2 33. Qh3 Bxe3 34. fxe3 Qf2 35.
Nf3 Kg7 36. e4 Bc6 37. Qg4 dxe4 38. Bxe4 Bxe4 39. Qxe4 Rc2 40. Qg4 Rb2 41. Kh3 Rxb3 42. Qf4 Rb2 43. Qf6+ Kg8 44. Qd8+ Kh7 45. Ng5+ Kg7 46.
Nxe6+ fxe6 47. Qe7+ Qf7 48. Qd8 Rb3+ 49. g3 Qf5+ 50. Kh4 Qh5# 0-1

[Event "*** SCC Grand Prix: Titled Tuesday Blitz"]
[Site "Chess.com"]
[Date "2020.08.11"]
[Round "2"]
[White "Jumbo"]
[Black "Batsai"]
[Result "1-0"]
[WhiteElo "2874"]
[BlackElo "2328"]
[TimeControl "180+1"]
[EndTime "10:19:06 PDT"]
[Termination "Jumbo won by resignation"]

1. d4 Nf6 2. Bf4 d5 3. e3 c5 4. c3 e6 5. Nd2 Bd6 6. Bg3 Qc7 7. Rc1 O-O 8. Ngf3 Nbd7 9. c4 b6 10. b4 Bb7 11. Be2 Ne4 12. Bxd6 Qxd6 13. dxc5 bxc5 14. Nxe4 Qb6 15. bxc5 Qa5+ 16. Qd2 Qa3 17. Nd6 Nxc5 18. O-O dxc4 19. Nxb7 Nxb7 20. Rxc4 Rad8 21. Qc2 Nd6 22.
Rc3 Qa5 23. Rc1 Nf5 24. h3 h6 25. Bd3 Ne7 26. Rc5 Qa3 27. Bh7+ Kh8 28. Be4 f5 29. Bb7 Ng6 30. Nd4 Rde8 31. Qb3 Qxb3 32. axb3 e5 33. Nb5 f4 34. e4 f3 35. g3 Rf6 36. h4 Rb6 37. Bd5 Ne7 38. Nc7 Rd8 39. Ne6 Re8 40. Bc4 Ng8 41. Nc7 Rd8 42. Nd5 Rb7 43. Rc3 Rf8 44. h5 Ne7 45. Nxe7 Rxe7 46. Bd5 g5 47. hxg6 Kg7 48. Rc7 Rxc7 49. Rxc7+ Kxg6 50. Rxa7 Rc8 51. Bf7+ Kf6 52. Bc4 Rd8 53. Rf7+ Kg5 54. Rxf3 Rd1+ 55. Kg2 Rd4 56. Rf5+ Kg4 1-0

[Event "*** SCC Grand Prix: Titled Tuesday Blitz"]
[Site "Chess.com"]
[Date "2020.08.11"]
[Round "2"]
[White "PauloCesarCosta_sad"]
[Black "CroissantNeuf"]
[Result "1-0"]
[WhiteElo "2252"]
[BlackElo "2435"]
[TimeControl "180+1"]
[EndTime "10:19:06 PDT"]
[Termination "PauloCesarCosta_sad won by resignation"]

1. Nf3 Nf6 2. c4 c5 3. g3 b6 4. Bg2 Bb7 5. O-O g6 6. Nc3 Bg7 7. d4 cxd4 8. Qxd4 d6 9. Be3 Nbd7 10. Rac1 a6 11. b3 Rc8 12. Rfd1 h5 13. Nd5 O-O 14. Nxf6+ Bxf6 15. Qd2 b5 16. cxb5 axb5 17. Rxc8 Qxc8 18.
Rc1 Qa8 19. Rc7 Ne5 20. Rxb7 Qxb7 21. Nxe5 Qc7 22. Nd3 Rc8 23. Bf3 e6 24. Qb4 Qc2 25.
Qxd6 Qxa2 26. Qd7 Rc3 27. Qe8+ Kg7 28. Bc5 Rxc5 29. Nxc5 h4 30. gxh4 Bxh4 31. Qxb5 Qa1+ 32. Kg2 Qd4 33. e3 Qe5 34. Qc4 Be7 35. Nd3 Qf5 36. Qe4 Qg5+ 37. Qg4 Qb5 38. Nf4 Qxb3 39. Be4 Qc3 40.
Bxg6 fxg6 41. Qxg6+ Kh8 42. Qh6+ Kg8 43. Qxe6+ 1-0

[Event "*** SCC Grand Prix: Titled Tuesday Blitz"]
[Site "Chess.com"]
[Date "2020.08.11"]
[Round "2"]
[White "keshka01"]
[Black "IMHansNiemann"]
[Result "0-1"]
[WhiteElo "2588"]
[BlackElo "2926"]
[TimeControl "180+1"]
[EndTime "10:19:07 PDT"]
[Termination "IMHansNiemann won by resignation"]

1. d4 Nf6 2. c4 e6 3. Nf3 b6 4. g3 Bb7 5. Bg2 Be7 6. O-O O-O 7. Re1 Na6 8. Nc3 Ne4 9. Qa4 Nxc3 10. bxc3 Qc8 11. e4 d6 12. h4 e5 13. Ba3 Qe8 14. Qc2 Nb8 15. Rad1 Nc6 16. Kh2 Na5 17. c5 Nc4 18. Bc1 Bc6 19. Qe2 Bb5 20. a4 Ba6 21.
cxd6 cxd6 22. Qa2 Qc6 23. Bf1 Rac8 24. Qc2 b5 25. axb5 Bxb5 26. dxe5 Ba4 27. Qa2 Bxd1 28. Rxd1 dxe5 29. Bg2 a5 30. Rd5 a4 31. Nxe5 Nxe5 32.
Rxe5 Bf6 33. Rd5 Bxc3 34. Be3 Qc4 35. Qc2 Qb3 36. Qd3 a3 37. Rb5 Qc4 38. Qxc4 Rxc4 39.
Bc5 a2 40. Bxf8 a1=Q 41. Rb8 h6 42. e5 Kh7 43. Be4+ Rxe4 0-1

[Event "*** SCC Grand Prix: Titled Tuesday Blitz"]
[Site "Chess.com"]
[Date "2020.08.11"]
[Round "2"]
[White "SantoBlue"]
[Black "Warre"]
[Result "1-0"]
[WhiteElo "2875"]
[BlackElo "2574"]
[TimeControl "180+1"]
[EndTime "10:19:07 PDT"]
[Termination "SantoBlue won by resignation"]

1. e4 e5 2. Nf3 Nc6 3. Bc4 Nf6 4. d4 exd4 5. e5 Ne4 6. Qe2 Nc5 7. O-O Ne6 8. Rd1 d5 9. exd6 Bxd6 10. Bg5 Be7 11. Bxe7 Qxe7 12. Bb5 Bd7 13. Na3 O-O-O 14. Bxc6 Bxc6 15.
Nxd4 Bd7 16. Nab5 Bxb5 17. Nxb5 Kb8 18. Nd4 Rd6 19. Nf5 Rxd1+ 20. Rxd1 Qf6 21. Ne3 Rd8 22. c3 Rxd1+ 23. Qxd1 Kc8 24. h3 Qd8 25. Qa4 Kb8 26. Qe4 h6 27. Nd5 c6 28. Qe5+ Kc8 29. Ne3 Qc7 30.
Qe4 Qd7 31. Nc4 Qd1+ 32. Kh2 Qd7 33. Qe5 b6 34. Nd6+ Kd8 35. Nf5 Qc7 36. Qxc7+ Kxc7 37. g4 Kd7 38. Kg3 c5 39. f4 Kc6 40. h4 b5 41. h5 a5 42. Kf3 Kd5 43. g5 hxg5 44. Nxg7 Nxg7 45. h6 g4+ 46. Kf2 g3+ 47. Kg1 1-0

[Event "*** SCC Grand Prix: Titled Tuesday Blitz"]
[Site "Chess.com"]
[Date "2020.08.11"]
[Round "2"]
[White "Yashasd1995"]
[Black "Sharpchess22"]
[Result "0-1"]
[WhiteElo "2520"]
[BlackElo "2807"]
[TimeControl "180+1"]
[EndTime "10:19:08 PDT"]
[Termination "Sharpchess22 won by resignation"]

1. b3 e5 2. Bb2 Nc6 3. e3 Nf6 4. Bb5 Bd6 5. Na3 Na5 6. Be2 a6 7. c4 c5 8. Nc2 Qe7 9. d4 Nc6 10. d5 Nb8 11. Nf3 e4 12. Nd2 Be5 13. Qc1 d6 14. b4 Nbd7 15. a3 O-O 16. Nb3 b6 17. a4 a5 18. b5 Bxb2 19. Qxb2 Ne5 20.
O-O-O Bg4 21. Ne1 Bxe2 22. Qxe2 Nfd7 23. f4 exf3 24. gxf3 Rae8 25. Nc2 Qh4 26. f4 Ng6 27. Qf3 f5 28. Nd2 Nf6 29. Rdg1 Ne4 30. Rg2 Qf6 31.
Rhg1 Qc3 32. h4 Nxd2 33. Rxd2 Re4 34. h5 Nxf4 35. Qg3 Nxh5 36. Qxd6 Rxc4 37. Qe6+ Kh8 38. Rh2 Nf6 39. Qe7 Rg8 40. Rhg2 Nxd5 41. Qf7 Qxe3+ 42. Kb2 Qc3+ 43. Kc1 Ne3 44. Rh2 Qa1+ 45. Kd2 Rd8+ 46. Kxe3 Qe5+ 47. Kf3 Rc3+ 48. Kg2 Rxc2+ 49. Kh1 0-1